 Dungeon Crawl Stone Soup version 0.31-a0-167-g1c394c0614 (webtiles) character file.

Game seed: 17351250049241162617

196 qw the Chopper (level 5, 0/33 HPs)
             Began as a Gargoyle Fighter on June 14, 2023.
             Slain by a gnoll
             ... wielding a +0 spear
              (6 damage)
             ... on level 5 of the Dungeon.
             The game lasted 00:01:02 (1916 turns).

qw the Chopper (Gargoyle Fighter)                   Turns: 1916, Time: 00:01:02

Health: 0/33       AC: 12    Str: 21    XL:     5   Next: 74%
Magic:  5/5        EV:  9    Int:  9    God:
Gold:   38         SH:  4    Dex:  9    Spells: 4/4 levels left

rFire   . . .        Y - +1 war axe
rCold   . . .        c - +0 buckler
rNeg    + . .        b - +0 scale mail
rPois   inf          (no helmet)
rElec   +            i - +0 cloak
rCorr   .            (no gloves)
SInv    .            (no boots)
Will    .....        (no amulet) Stlth
                     (no ring)
HPRegen 0.25/turn    (no ring)
MPRegen 0.09/turn

%: no passive effects
@: no status effects
A: sickness immunity, AC +4, negative energy resistance 1, electricity
resistance, torment resistance 1, petrification resistance
a: no special abilities


You were on level 5 of the Dungeon.
You visited 1 branch of the dungeon, and saw 4 of its levels.

You collected 105 gold pieces.
You spent 67 gold pieces at shops.


Innate Abilities, Weirdness & Mutations

You are immune to sickness and miasma.
Your stone body is resilient. (AC +4)
You are immune to poison.
You resist negative energy. (rN+)
You are resistant to electric shocks. (rElec)
You are resistant to unholy torment.
You are immune to petrification.


   Skills:
 + Level 3.7 Fighting
 - Level 5.0 Axes
 - Level 3.2 Armour
 - Level 3.2 Shields


You had 4 spell levels left.
You didn't know any spells.
Your spell library was empty.

Inventory:

Hand Weapons
 e - a +0 flail
 Y - a +1 war axe (weapon)
Armour
 b - a +0 scale mail (worn)
 c - a +0 buckler (worn)
 g - a +0 pair of boots
 i - a +0 cloak (worn)
Scrolls
 a - a scroll of identify
Potions
 d - a potion of might
 f - a potion of brilliance {unknown}
 h - a potion of magic {unknown}

Dungeon Overview and Level Annotations

Branches:
Dungeon (5/15)
 Temple: D:4-7

Altars:
Wu Jian

Shops:
D:1 [   D:5 [


Message History

Enter note: You barely miss the gnoll.
The gnoll hits you but does no damage. The gnoll closely misses you.
The gnoll hits you from afar with a +0 halberd!
You slash the gnoll!
The gnoll is severely wounded.
The gnoll hits you from afar with a +0 spear.
The gnoll hits you but does no damage.
You hit the gnoll.
The gnoll is almost dead.
The gnoll barely misses you. You block the gnoll's attack.
The gnoll misses you. The gnoll hits you but does no damage.
You barely miss the gnoll.
The gnoll is almost dead.
The gnoll hits you from afar with a +0 halberd.
You block the gnoll's attack.
The gnoll hits you but does no damage. x2
The gnoll hits you from afar with a +0 halberd.
The gnoll hits you with a +0 whip. The gnoll completely misses you.
The gnoll closely misses you.
You barely miss the gnoll.
The gnoll is almost dead.
You block the gnoll's attack. The gnoll hits you but does no damage.
The gnoll barely misses you. You block the gnoll's attack.
You hit the gnoll.
The gnoll is almost dead.
The gnoll hits you from afar with a +0 halberd.
The gnoll hits you but does no damage. The gnoll barely misses you.
The gnoll hits you but does no damage.
You hit the gnoll.
You kill the gnoll!
The gnoll closely misses you.
The gnoll hits you but does no damage. x2
The gnoll barely misses you.
The gnoll hits you but does no damage. x2
The gnoll hits you but does no damage. You block the gnoll's attack. x2
You see here a scroll labelled ROQOG XEFA.
Enter note: You slash the gnoll!
You kill the gnoll!
You hit the gnoll. x2
The gnoll hits you with a +0 halberd. The gnoll hits you with a +0 spear.
You die...

##########....##.##
#....###.# #....#
### #....# ##....#
##.....# #......#
###..).##.###
#.!.@.....#
#..gg)....#
#.........#
#.........#
#.........#
..........#
..........##
#####......#


You could see 2 gnolls.

Vanquished Creatures
  An iguana (D:2)
  10 gnolls
  3 adders (D:2)
  2 dart slugs
  An orc (D:3)
  4 ball pythons
  5 endoplasms
  3 giant cockroaches
  A goblin (D:2)
  4 hobgoblins
  5 kobolds
  4 quokkas
  5 bats
  2 frilled lizards
  5 rats (D:1)
55 creatures vanquished.

Notes
Turn   | Place    | Note
-------+----------+-------------------------------------------
     0 | D:1      | qw the Gargoyle Fighter began the quest for the Orb.
     0 | D:1      | Reached XP level 1. HP: 14/14 MP: 1/1
     0 | D:1      | 0 ||| qw: Version: 0.2-a-29-g1fa15c8
     0 | D:1      | 0 ||| qw: Game counter: 4939
     0 | D:1      | 0 ||| qw: Always use a shield: true
     0 | D:1      | 0 ||| qw: God list: Okawaru
     0 | D:1      | 0 ||| qw: Allow faded altars: false
     0 | D:1      | 0 ||| qw: Do Orc after D:15 true
     0 | D:1      | 0 ||| qw: Do second Lair branch before Depths: true
     0 | D:1      | 0 ||| qw: Lair rune preference: random
     0 | D:1      | 0 ||| qw: Plans: Normal, Zot:1-4, Slime:5, God:TSO, Crypt,
                  | Tomb, Abyss, Pan, Hells, Win
     0 | D:1      | 0 ||| PLANNING D:1-11
    40 | D:1      | Reached skill level 2 in Axes
    97 | D:1      | Found Supiol's Antique Armour Shop.
   106 | D:1      | 106 ||| SHOPLISTING plate armour (506 gold, have 0).
   106 | D:1      | 106 ||| SHOPLISTING shiny plate armour (572 gold, have 0).
   240 | D:1      | Reached XP level 2. HP: 19/19 MP: 2/2
   267 | D:1      | 267 ||| Stepping ~*~*~tactically~*~*~ (hiding).
   268 | D:1      | 268 ||| Stepping ~*~*~tactically~*~*~ (hiding).
   326 | D:1      | 326 ||| Stepping ~*~*~tactically~*~*~ (stealth).
   604 | D:1      | 604 ||| Stepping ~*~*~tactically~*~*~ (water).
   639 | D:1      | Reached skill level 3 in Axes
   796 | D:1      | 796 ||| READING 2 scrolls labelled YLUNKO ASAOGGO.
   797 | D:1      | 797 ||| READING scroll labelled NOREEN LUDIU.
   798 | D:1      | 798 ||| READING scroll labelled MEUSOCV YDIXT.
   799 | D:1      | 799 ||| DRINKING 2 red potions.
   800 | D:1      | 800 ||| DROPPING scroll of amnesia.
   801 | D:1      | 801 ||| DROPPING potion of degeneration.
   856 | D:2      | Reached XP level 3. HP: 23/23 MP: 3/3
   869 | D:2      | 869 ||| Stepping ~*~*~tactically~*~*~ (stealth).
   870 | D:2      | 870 ||| Stepping ~*~*~tactically~*~*~ (stealth).
   873 | D:2      | 873 ||| Stepping ~*~*~tactically~*~*~ (hiding).
   885 | D:2      | Reached XP level 4. HP: 19/28 MP: 4/4
   886 | D:2      | Reached skill level 4 in Axes
   889 | D:2      | 889 ||| Stepping ~*~*~tactically~*~*~ (hiding).
   943 | D:2      | 943 ||| DROPPING +0 club.
   971 | D:2      | Reached XP level 5. HP: 29/32 MP: 5/5
  1015 | D:2      | 1015 ||| Stepping ~*~*~tactically~*~*~ (stealth).
  1055 | D:2      | 1055 ||| Stepping ~*~*~tactically~*~*~ (hiding).
  1056 | D:2      | 1056 ||| Stepping ~*~*~tactically~*~*~ (hiding).
  1057 | D:2      | 1057 ||| Stepping ~*~*~tactically~*~*~ (hiding).
  1058 | D:2      | 1058 ||| Stepping ~*~*~tactically~*~*~ (hiding).
  1060 | D:2      | 1060 ||| Stepping ~*~*~tactically~*~*~ (hiding).
  1061 | D:2      | 1061 ||| Stepping ~*~*~tactically~*~*~ (hiding).
  1349 | D:2      | Reached skill level 5 in Axes
  1468 | D:2      | 1468 ||| FLEEEEING.
  1530 | D:2      | Found a faded altar of an unknown god.
  1704 | D:2      | 1704 ||| UPGRADING to +0 cloak.
  1709 | D:2      | 1709 ||| READING scroll labelled VEXAPT CARONN.
  1710 | D:2      | 1710 ||| READING 2 scrolls labelled FOLOCRUJUI.
  1711 | D:2      | 1711 ||| DROPPING scroll of fear.
  1825 | D:3      | You fall into a shaft and drop 2 floors!
  1825 | D:5      | Entered Level 5 of the Dungeon
  1849 | D:5      | Found an ornate altar of the Wu Jian Council.
  1878 | D:5      | Found Hifiw's Armour Shoppe.
  1883 | D:5      | 1883 ||| BUYING +0 pair of boots (67 gold).
  1883 | D:5      | Bought a +0 pair of boots for 67 gold pieces
  1883 | D:5      | 1883 ||| SHOPLISTING +1 pair of boots (172 gold, have 38).
  1883 | D:5      | 1883 ||| SHOPLISTING +1 pair of gloves (172 gold, have 38).
  1883 | D:5      | 1883 ||| SHOPLISTING +3 leather armour of fire resistance
                  | (360 gold, have 38).
  1904 | D:5      | 1904 ||| Stepping ~*~*~tactically~*~*~ (stealth).
  1913 | D:5      | HP: 6/32 [gnoll/+0 halberd (6)]
  1916 | D:5      | Slain by a gnoll

Levels and vault maps discovered:
D:1:      dpeg_arrival_stone_temple_mockup, layout_loops_ring, serial_bayou,
          serial_bayou_pond_a, serial_bayou_lagoon_b, serial_bayou_lake_a,
          serial_bayou_pond_a, serial_shops, shop
D:2:      wad_pebble_path, layout_basic, hellmonk_ecumenical_altar_leap_of_faith
D:3:      layout_rooms, mainiacjoe_overflow_alcove_1
D:5:      layout_cave_pods, trog_three_pillars_becter,
          nicolae_wu_jian_immortal_techniques, minmay_temple_entry_grid,
          serial_shops, nicolae_shop_crystal, nicolae_zen_rock_garden

Skill      XL: |  1  2  3  4  5 |
---------------+----------------+-----
Axes           | 2 3 4 5 |  5.0
Fighting       | |  3.7
Armour         | |  3.2
Shields        | |  3.2

Action                     |  1- 3 |  4- 6 || total
---------------------------+-------+-------++-------
  Melee: War axe           |    59 |    97 ||   156
    Use: Scroll            |     3 |     2 ||     5
         Potion            |     1 |       ||     1
 Armour: Scale mail        |    29 |    52 ||    81
  Dodge: Dodged            |    30 |    46 ||    76
  Block: Buckler           |    14 |    20 ||    34

Table legend:
 A = Non-vault XP
 B = Vault XP
 C = Vault XP percentage of total XP
 D = Non-vault monster count
 E = Vault monster count
 F = Vault count percentage of total count
                 A         B        C        D         E       F
            +---------+---------+-------+---------+---------+-------
      Total |     294 |       0 |   0.0 |      55 |       0 |   0.0
            +---------+---------+-------+---------+---------+-------
        D:1 |      30 |       0 |   0.0 |      18 |       0 |   0.0
        D:2 |     230 |       0 |   0.0 |      32 |       0 |   0.0
        D:3 |       6 |       0 |   0.0 |       3 |       0 |   0.0
        D:5 |      28 |       0 |   0.0 |       2 |       0 |   0.0
            +---------+---------+-------+---------+---------+-------
